 Dungeon Crawl Stone Soup version 0.18-a0-19-g8b99b3a (webtiles) character file.

21686 ventricule the Covert (level 12, 0/64 HPs)
             Began as a Spriggan Skald on Nov 1, 2015.
             Was a High Priest of Okawaru.
             Slain by a catoblepas (23 damage)
             ... on level 5 of the Lair of Beasts.
             The game lasted 01:42:57 (22464 turns).

ventricule the Covert (Spriggan Skald)             Turns: 22464, Time: 01:42:57

Health: 0/64       AC:  5    Str:  8    XL:     12   Next: 56%
Magic:  17/22      EV: 27    Int: 15    God:    Okawaru [*****.]
Gold:   790        SH:  0    Dex: 19    Spells: 7 memorised, 8 levels left

rFire  . . .     SeeInvis +     i - +3 short sword (speed)
rCold  . . .     Clarity  .     R - +2 robe {MR+}
rNeg   . . .     SustAt   +     (shield restricted)
rPois  .         Gourm    .     (helmet restricted)
rElec  .         Spirit   .     J - +0 cloak {MR+}
rCorr  .         Warding  .     (gloves unavailable)
rMut   .         Stasis   .     (boots unavailable)
MR     ++++.                    N - amulet of rage
Stlth  +++++++...               x - ring of sustain attributes
                                o - ring of wizardry

@: infused (expiring), very quick, incredibly resistant to hostile enchantments,
extremely stealthy
A: unfitting armour, see invisible, herbivore 3, speed 3, slow metabolism 2
a: Heroism, Finesse, Renounce Religion, Evoke Berserk Rage


You were on level 5 of the Lair of Beasts.
You worshipped Okawaru.
Okawaru was extremely pleased with you.
You were hungry.

You visited 3 branches of the dungeon, and saw 14 of its levels.

You collected 860 gold pieces.
You spent 70 gold pieces at shops.


Innate Abilities, Weirdness & Mutations

You are tiny and cannot use many weapons and most armour.
You have supernaturally acute eyesight.
You are a herbivore.
You cover ground extremely quickly.
You need consume almost no food.


   Skills:
 - Level 8.0 Fighting
 - Level 12.0 Short Blades
 + Level 8.5 Throwing
 - Level 10.5 Dodging
 + Level 13.8 Stealth
 - Level 6.2 Spellcasting
 - Level 4.4 Charms
 - Level 3.3 Translocations
 - Level 3.0 Transmutations


You had 8 spell levels left.
You knew the following spells:

 Your Spells              Type           Power        Failure   Level  Hunger
a - Shroud of Golubria    Chrm/Tloc      ###.......   2%          2    #......
b - Blink                 Tloc           N/A          3%          2    #......
c - Spectral Weapon       Hex/Chrm       ##......     9%          3    ##.....
x - Song of Slaying       Chrm           ###.....     1%          2    #......
z - Infusion              Chrm           ###...       1%          1    None
A - Stoneskin             Trmt/Erth      #.......     4%          2    #......
N - Passwall              Trmt/Erth      #.........   10%         3    ##.....

Inventory:

Hand Weapons
 a - a +0 short sword
 i - a +3 short sword of speed (weapon)
 r - a +0 dagger
 y - a +6 blowgun
 U - the +0 greatsling "Naffigih" {flame, rPois rC+ MR+}
   (You found it on level 4 of the Lair of Beasts)

   It causes projectiles fired from it to burn those they strike, causing extra
   injury to most foes and up to half again as much damage against particularly
   susceptible opponents.
   It protects you from cold.
   It protects you from poison.
   It affects your resistance to hostile enchantments.
Missiles
 A - 11 curare-tipped needles {=f}
 B - 20 poisoned needles
 H - 2 needles of confusion
Armour
 b - a +0 robe
 n - a +0 cloak
 J - a +0 cloak of magic resistance (worn)
 Q - the +0 robe of the Farrier {*Confuse Int+3}
   (You found it on level 2 of the Lair of Beasts)

   It affects your intelligence (+3).
   It may confuse you when you take damage.
 R - a +2 robe of magic resistance (worn)
Magical Staves
 w - a staff of conjuration {!a}
Jewellery
 g - a ring of teleportation
 o - a ring of wizardry (left hand)
 x - a ring of sustain attributes (right hand)
 N - an amulet of rage (around neck)
Wands
 t - a wand of flame (23)
 O - a wand of draining (2)
 V - a wand of confusion (34)
 X - a wand of lightning (11)
Scrolls
 e - a scroll of immolation {!r}
 f - 4 scrolls of enchant weapon
 k - 3 scrolls of teleportation {@r4}
 l - 2 scrolls of magic mapping
 m - 7 scrolls of remove curse
 u - a scroll of random uselessness
 K - a scroll of amnesia
 S - a scroll of vulnerability {unknown}
 Z - a scroll of enchant armour {unknown}
Potions
 h - 2 potions of brilliance
 j - 2 potions of curing {@q1}
 p - 2 potions of haste {@q3}
 q - a potion of berserk rage {unknown}
 s - a potion of resistance {unknown}
 v - a potion of poison {unknown}
 z - a potion of magic {unknown}
 C - a potion of invisibility {unknown}
 D - 2 potions of might
 E - 2 potions of cure mutation
 F - 2 potions of heal wounds {unknown}
 W - a potion of degeneration {unknown}
 Y - 4 potions of lignification {unknown}
Books
 c - a book of Battle
 I - a book of Geomancy
 L - a book of Spatial Translocations
 M - a book of Cantrips
 P - a book of Frost
Comestibles
 d - 8 bread rations
 G - 4 royal jellies
 T - 3 fruits

Dungeon Overview and Level Annotations

Branches:
Dungeon (8/15)             Temple (1/1) D:6            Lair (5/8) D:8
  Swamp (0/4) Lair:3
  Snake: Lair:3-6    Spider: Lair:3-6

Altars:
Ashenzari
Cheibriados
Dithmenos
Fedhas
Gozag
Kikubaaqudgha
Nemelex Xobeh
Okawaru
Ru
Sif Muna
Trog
Yredelemnul
Zin
The Shining One

Shops:
D:6 (

Annotations:
D:3 Terence
D:4 Menkaure
D:5 Eustachio, Grinder
D:6 Crazy Yiuf
Lair:3 Snorg, Urug
Lair:4 Nergalle, Sonja

### #.### ##
##.#.###..##
##....Y.....#
##....(i....#
###......r....#
#..!..........f..
##...............
#...............
#.............ff
#..##.........#..
#P ...........#.
# .............


You could see a catoblepas (confused) and a porcupine.


Message History

Wield which item (- for none, * to show all)? (? for menu, Esc to quit)
y - a +6 blowgun (weapon)
Firing (i - inventory. (,) - cycle):
H - 3 needles of confusion
Aim: a catoblepas You shoot a needle of confusion.
The needle of confusion hits the catoblepas!
The catoblepas appears confused.
Wield which item (- for none, * to show all)? (? for menu, Esc to quit)
Your hands tingle!
i - a +3 short sword of speed (weapon)
You hit the catoblepas.
The catoblepas is lightly wounded.
You hit the catoblepas but do no damage.
The catoblepas is lightly wounded.
Your magical infusion is running out.
You see here 16 gold pieces.
You hit the catoblepas!
The catoblepas is lightly wounded.
You hit the catoblepas but do no damage.
The catoblepas is lightly wounded.
You completely miss the catoblepas.
The catoblepas is lightly wounded.
You hit the catoblepas.
The catoblepas is lightly wounded.
You hit the catoblepas.
The catoblepas is lightly wounded.
The porcupine bites you.
* * * LOW HITPOINT WARNING * * *
The catoblepas gores you!!
You die...

Action                   |  1- 3 |  4- 6 |  7- 9 | 10-12 || total
-------------------------+-------+-------+-------+-------++-------
Melee: Short sword       |   167 |   128 |   440 |  1353 ||  2088
 Fire: Blowgun           |       |       |       |    10 ||    10
 Cast: Infusion          |    10 |     8 |    32 |    57 ||   107
       Shroud of Golubri |     3 |     5 |    20 |    55 ||    83
       Song of Slaying   |       |     1 |     5 |    17 ||    23
       Stoneskin         |       |       |       |     4 ||     4
       Passwall          |       |       |       |     3 ||     3
       Spectral Weapon   |       |       |       |     1 ||     1
Evoke: Wand              |       |       |       |     1 ||     1
  Use: Scroll            |     6 |     6 |     2 |     4 ||    18
       Potion            |     1 |     1 |     3 |       ||     5
 Stab: Sleeping          |     2 |     4 |    10 |    32 ||    48
       Distracted        |       |       |       |     1 ||     1
  Eat: Royal jelly       |       |     1 |       |     3 ||     4
       Bread ration      |       |     1 |       |     1 ||     2
       Fruit             |       |       |     3 |     1 ||     4
       Pizza             |       |       |       |     1 ||     1

Vault maps used:
D:1:      zaba_arrival_water
D:2:      first_bread, ecumenical_altar_2, minmay_door_square, dk_noncrumbling_4
D:3:      old_standard_altar, uniq_terence
D:4:      lemuel_round_altar, serial_bayou_crossing, uniq_menkaure
D:5:      nicolae_ru_awakened_eye, lemuel_crystal_altar, grunt_ministairs_6,
          uniq_eustachio, uniq_grinder
D:6:      cheibrodos_ashenzari_chains, minmay_temple_entry_purple_smoke,
          basic_altar, serial_shops,
          nicolae_shop_temple_entry_statues_fountains, uniq_crazy_yiuf_cottage
D:7:      statuecave_lemuel, zin_academy
D:8:      lair_0_dummy, david_nohive_1, nicolae_wwwww, jmf_multi_god_temple
Temple:   circular_temple_12
Lair:2:   roderic_batcave, grunt_megastairs_4, serial_bayou_shore_a
Lair:3:   minmay_swamp_entry_worms, lemuel_fruit_fields, uniq_urug, uniq_snorg
Lair:4:   gammafunk_lair_bear_cave, bh_autumn_forest_stairs, uniq_sonja,
          uniq_nergalle
Lair:5:   st_stairs_9, infiniplex_staircase_pool_2

Notes
Turn   | Place    | Note
--------------------------------------------------------------
     0 | D:1      | ventricule the Spriggan Skald began the quest for the Orb.
     0 | D:1      | Reached XP level 1. HP: 10/10 MP: 5/5
   300 | D:1      | Reached skill level 3 in Short Blades
   414 | D:1      | Reached XP level 2. HP: 7/14 MP: 3/6
   581 | D:1      | Learned a level 2 spell: Shroud of Golubria
   920 | D:1      | Learned a level 2 spell: Song of Slaying
  1491 | D:2      | Reached XP level 3. HP: 18/18 MP: 5/8
  1680 | D:1      | Reached skill level 4 in Short Blades
  2344 | D:2      | Found a faded altar to an unknown god.
  2465 | D:2      | Reached skill level 1 in Stealth
  2706 | D:3      | Reached XP level 4. HP: 20/22 MP: 9/9
  2740 | D:3      | Learned a level 3 spell: Regeneration
  2751 | D:3      | Noticed Terence
  2866 | D:3      | Found a deep blue altar of Sif Muna.
  2892 | D:3      | Reached skill level 3 in Spellcasting
  3839 | D:4      | Reached skill level 2 in Stealth
  4266 | D:4      | Reached skill level 5 in Short Blades
  4266 | D:4      | Reached XP level 5. HP: 22/25 MP: 7/11
  4557 | D:4      | Noticed Menkaure
  4866 | D:4      | Reached skill level 3 in Stealth
  4895 | D:4      | Noticed an ogre
  4943 | D:5      | Entered Level 5 of the Dungeon
  4977 | D:5      | Noticed Grinder
  5012 | D:4      | Reached skill level 4 in Spellcasting
  5153 | D:5      | Noticed Eustachio
  5161 | D:5      | Found a bloodstained altar of Trog.
  5253 | D:5      | Noticed Borgoz's ghost (novice OpAs)
  5308 | D:5      | Noticed an ice beast
  5545 | D:5      | Noticed a centaur
  5761 | D:5      | Killed an ice beast
  5761 | D:5      | Reached skill level 4 in Stealth
  5761 | D:5      | Reached XP level 6. HP: 16/30 MP: 8/13
  5771 | D:5      | Killed Borgoz's ghost
  5771 | D:5      | Reached skill level 6 in Short Blades
  5771 | D:5      | Reached skill level 6 in Stealth
  5771 | D:5      | Reached XP level 7. HP: 16/33 MP: 2/14
  6077 | D:5      | Reached skill level 7 in Short Blades
  6286 | D:5      | Found a sacrificial altar of Ru.
  6526 | D:5      | Reached skill level 8 in Short Blades
  7017 | D:6      | Reached XP level 8. HP: 37/37 MP: 3/15
  7024 | D:6      | Reached skill level 9 in Short Blades
  7313 | D:6      | Found Ihiefed's Antique Weapon Shop.
  7323 | D:6      | Bought a runed blowgun for 70 gold pieces
  7568 | D:6      | Noticed Crazy Yiuf
  7604 | D:6      | Found a glowing golden altar of the Shining One.
  7606 | D:6      | Found a shattered altar of Ashenzari.
  7661 | D:6      | Found a staircase to the Ecumenical Temple.
  7671 | Temple   | Entered the Ecumenical Temple
  7685 | Temple   | Became a worshipper of Warmaster Okawaru
  8134 | D:6      | Reached skill level 3 in Dodging
  8765 | D:7      | Reached skill level 2 in Fighting
  8765 | D:7      | Reached skill level 10 in Short Blades
  8765 | D:7      | Reached skill level 4 in Dodging
  9072 | D:7      | Found a glowing silver altar of Zin.
  9285 | D:7      | Reached skill level 5 in Dodging
  9542 | D:7      | Reached * piety under Okawaru
  9542 | D:7      | Reached skill level 3 in Fighting
  9730 | D:8      | Reached XP level 9. HP: 44/44 MP: 8/16
 10347 | D:8      | Reached skill level 4 in Fighting
 10396 | D:8      | Reached skill level 11 in Short Blades
 10551 | D:8      | Reached ** piety under Okawaru
 10867 | D:8      | Learned a level 3 spell: Spectral Weapon
 10891 | D:8      | Reached skill level 5 in Fighting
 11097 | D:8      | Noticed a hornet
 11137 | D:8      | Killed a hornet
 11137 | D:8      | Reached *** piety under Okawaru
 11137 | D:8      | Reached skill level 12 in Short Blades
 11459 | D:8      | Reached XP level 10. HP: 53/53 MP: 8/17
 11527 | D:8      | Reached skill level 7 in Stealth
 11639 | D:8      | Reached skill level 6 in Dodging
 11697 | D:8      | Reached skill level 8 in Stealth
 12312 | D:8      | Found an iron altar of Okawaru.
 12313 | D:8      | Found a blossoming altar of Fedhas.
 12316 | D:8      | Noticed a hill giant
 12352 | D:8      | Reached skill level 7 in Dodging
 12454 | D:7      | Reached **** piety under Okawaru
 12506 | D:7      | Reached skill level 9 in Stealth
 12762 | D:8      | Reached skill level 8 in Dodging
 13591 | D:8      | Received a gift from Okawaru
 13591 | D:8      | Reached skill level 10 in Stealth
 13694 | D:8      | Reached skill level 1 in Throwing
 13878 | D:8      | Reached skill level 2 in Throwing
 14015 | D:8      | Found a staircase to the Lair.
 14203 | D:8      | Noticed an orb spider
 14205 | D:8      | Killed a hill giant
 14205 | D:8      | Reached skill level 4 in Throwing
 14215 | D:8      | Killed an orb spider
 14215 | D:8      | Reached ***** piety under Okawaru
 14215 | D:8      | Received a gift from Okawaru
 14215 | D:8      | Reached skill level 5 in Throwing
 14408 | Lair:1   | Entered Level 1 of the Lair of Beasts
 14420 | Lair:1   | Reached skill level 9 in Dodging
 14421 | Lair:1   | Reached XP level 11. HP: 56/56 MP: 18/18
 14434 | Lair:1   | Learned a level 3 spell: Passwall
 14437 | Lair:1   | Learned a level 2 spell: Stoneskin
 14519 | Lair:1   | Reached skill level 6 in Fighting
 15033 | Lair:1   | Received a gift from Okawaru
 15523 | Lair:1   | Reached skill level 6 in Throwing
 15592 | Lair:1   | Reached skill level 11 in Stealth
 15628 | Lair:1   | Learned a level 2 spell: Blink
 15983 | Lair:2   | Reached skill level 10 in Dodging
 15983 | Lair:2   | Reached skill level 1 in Transmutations
 16144 | Lair:2   | Reached skill level 1 in Translocations
 16186 | Lair:2   | Reached skill level 2 in Translocations
 16223 | Lair:2   | Reached skill level 2 in Transmutations
 16639 | Lair:2   | Reached skill level 3 in Translocations
 16697 | Lair:2   | Reached skill level 3 in Transmutations
 17044 | Lair:2   | Reached skill level 5 in Spellcasting
 17154 | Lair:2   | Noticed a four-headed hydra
 17275 | Lair:2   | Reached skill level 7 in Fighting
 17417 | Lair:2   | Killed a four-headed hydra
 17660 | Lair:2   | Reached skill level 6 in Spellcasting
 17982 | Lair:2   | Got a ripped robe
 17993 | Lair:2   | Identified the cursed +0 robe of the Farrier {*Confuse Int+3} (You found it on level 2 of the Lair of Beasts)
 18591 | Lair:3   | Received a gift from Okawaru
 18621 | Lair:3   | Reached XP level 12. HP: 44/63 MP: 2/22
 19092 | Lair:3   | Noticed Urug
 19468 | Lair:3   | Noticed Snorg
 19539 | Lair:3   | Reached skill level 12 in Stealth
 19851 | Lair:3   | Reached skill level 7 in Throwing
 20058 | Lair:3   | Found a staircase to the Swamp.
 20394 | Lair:4   | Got a shimmering greatsling
 20395 | Lair:4   | Identified the +0 greatsling "Naffigih" {flame, rPois rC+ MR+} (You found it on level 4 of the Lair of Beasts)
 20574 | Lair:4   | Reached skill level 8 in Fighting
 21395 | Lair:4   | Reached skill level 13 in Stealth
 21408 | Lair:4   | Noticed Sonja
 21500 | Lair:4   | Noticed Nergalle
 21723 | Lair:4   | Reached skill level 8 in Throwing
 22093 | Lair:5   | Noticed a catoblepas
 22100 | Lair:5   | Killed a catoblepas
 22390 | Lair:5   | Noticed a seven-headed hydra
 22450 | Lair:5   | Noticed a catoblepas
 22464 | Lair:5   | Slain by a catoblepas

Vanquished Creatures
  A catoblepas (Lair:5)
  A hydra (Lair:2)
  A hill giant (D:8)
  An orb spider (shapeshifter) (D:8)
  A hornet (D:8)
  A black mamba (Lair:1)
  5 spiny frogs
  5 komodo dragons
  The ghost of Borgoz the Covert, a novice OpAs (D:5)
  A fire drake (Lair:3)
  A queen bee (D:8)
  2 polar bears
  12 blink frogs
  20 yaks
  A wyvern (D:8)
  A vampire mosquito (D:8)
  4 hippogriffs
  2 hungry ghosts
  5 wolves (Lair:2)
  3 orc warriors
  8 water moccasins
  3 sky beasts
  2 black bears
  8 porcupines
  4 phantoms
  7 ogres
  A centaur (D:5)
  2 ice beasts
  A big kobold (D:7)
  6 crocodiles
  16 giant frogs
  A jelly (D:8)
  5 scorpions
  21 killer bees
  4 wights (D:8)
  2 giant frog skeletons (D:8)
  5 hounds
  5 iguanas
  8 orc wizards
  5 orc priests
  5 worker ants
  9 sheep
  2 hound skeletons
  A hound zombie (D:8)
  A worker ant zombie (D:8)
  2 gnolls
  2 adders
  37 river rats
  2 shadow imps (D:7)
  An ooze (D:2)
  2 adder zombies (D:7)
  4 adder skeletons
  8 worms
  8 giant geckos
  37 orcs
  16 bats
  5 goblins
  7 hobgoblins
  8 jackals
  9 kobolds
  3 quokkas
  2 ball pythons (D:1)
  2 giant cockroaches
  7 giant newts
  2 quokka skeletons
  4 rats
369 creatures vanquished.

Vanquished Creatures (others)
  4 fungi (Lair:3)
  8 plants
  A spectral weapon (Lair:2)
13 creatures vanquished.

Grand Total: 382 creatures vanquished
